 Dungeon Crawl Stone Soup version 0.29-a0-613-gf2c431b9b9 (webtiles) character file.

Game seed: 12187383569292688551

167 moldycheese5 the Skirmisher (level 5, -4/63 HPs)
             Began as a Demonspawn Abyssal Knight on June 16, 2022.
             Was a Priest of Lugonu.
             Slain by Pikel
             ... wielding a +0 whip of freezing
              (7 damage)
             ... on level 4 of the Dungeon.
             The game lasted 00:05:10 (4171 turns).

moldycheese5 the Skirmisher (DsAK)                  Turns: 4171, Time: 00:05:11

Health: -4/63      AC: 13    Str: 16    XL:     5   Next: 23%
Magic:  6/6        EV:  5    Int: 11    God:    Lugonu [***...]
Gold:   310        SH:  0    Dex: 13    Spells: 4/4 levels left

rFire   . . .      SeeInvis .   a - +1 spear
rCold   . . .      Faith    .   (no shield)
rNeg    . . .      Spirit   .   t - +0 plate armour
rPois   .          Reflect  .   (no helmet)
rElec   .          Harm     .   (no cloak)
rCorr   .          Rampage  .   i - +0 pair of gloves
Will    .....                   (no boots)
Stlth   ..........              (no amulet)
HPRegen 0.20/turn               (no ring)
MPRegen 0.20/turn               (no ring)

@: berserking, very quick
A: powered by pain 1, magic regeneration, sharp scales 1
a: Renounce Religion, Depart the Abyss, Bend Space, Banish


You were on level 4 of the Dungeon.
You worshipped Lugonu.
Lugonu was most pleased with you.
You visited 1 branch of the dungeon, and saw 4 of its levels.
You visited the Abyss 1 time.

You collected 310 gold pieces.

Inventory:

Hand Weapons
 a - a +1 spear (weapon)
Armour
 b - a +0 leather armour
 i - a +0 pair of gloves (worn)
 t - a +0 plate armour (worn)
Jewellery
 p - a ring of resist corrosion
Scrolls
 c - a scroll of blinking {unknown}
 d - 9 scrolls of identify {unknown}
 e - a scroll of silence {unknown}
 f - 3 scrolls of enchant weapon {unknown}
 j - a scroll of poison {unknown}
 k - 2 scrolls of noise {unknown}
 l - a scroll of acquirement {unknown}
 v - a scroll of teleportation {unknown}
Potions
 g - 2 potions of resistance {unknown}
 h - a potion of might {unknown}
 m - a potion of cancellation {unknown}
 o - a potion of magic {unknown}
 q - a potion of degeneration {unknown}
 r - a potion of haste {unknown}
 s - a potion of ambrosia {unknown}
 u - a potion of curing {unknown}


   Skills:
 + Level 4.0 Fighting
 + Level 3.4 Polearms
 + Level 2.4 Armour
 + Level 1.3 Dodging
 + Level 1.2 Stealth
 + Level 2.6 Invocations


You had 4 spell levels left.
You didn't know any spells.
Your spell library contained the following spells:

 Spells                   Type           Power      Damage    Failure   Level
 Sandblast                Erth           0%         2d4       100%        1
 Ensorcelled Hibernation  Hex/Ice        0%         N/A       100%        2
 Passwall                 Tmut/Erth      0%         N/A       100%        2
 Call Canine Familiar     Summ           0%         N/A       100%        3
 Portal Projectile        Hex/Tloc       0%         N/A       100%        3
 Spider Form              Tmut/Pois      0%         N/A       100%        3
 Stone Arrow              Conj/Erth      0%         3d7       100%        3
 Anguish                  Hex/Necr       0%         N/A       100%        4
 Leda's Liquefaction      Hex/Erth       0%         N/A       100%        4


Dungeon Overview and Level Annotations

Branches:
Dungeon (4/15)             Temple (0/1) D:4

Altars:
Dithmenos
Hepliaklqana
Wu Jian

Annotations:
D:4 Pikel


Innate Abilities, Weirdness & Mutations

You sometimes gain a little power by taking damage.
You regenerate magic rapidly.
You are partially covered in razor-sharp scales. (AC +1, Slay +1)


Message History

You closely miss Pikel. Pikel hits you but does no damage.
You hit Pikel.
Pikel is lightly wounded.
Pikel hits you with a +0 whip of freezing.
* * * LOW HITPOINT WARNING * * *
Pikel freezes you.
* * * LOW HITPOINT WARNING * * *
You hit Pikel but do no damage.
Pikel is lightly wounded.
Pikel hits you but does no damage.
You hit Pikel but do no damage.
Pikel is lightly wounded.
Pikel barely misses you.
It was a potion of berserk rage.
A red film seems to cover your vision as you go berserk!
You feel yourself moving faster!
You feel mighty! Pikel hits you but does no damage.
You puncture Pikel!
Pikel is moderately wounded.
Pikel hits you with a +0 whip of freezing.
* * * LOW HITPOINT WARNING * * *
Pikel freezes you.
* * * LOW HITPOINT WARNING * * *
You hit Pikel but do no damage.
Pikel is moderately wounded.
You puncture Pikel!
Pikel is heavily wounded.
Pikel hits you but does no damage.
You hit Pikel but do no damage.
Pikel is heavily wounded.
Pikel hits you with a +0 whip of freezing.
* * * LOW HITPOINT WARNING * * *
Pikel freezes you.
* * * LOW HITPOINT WARNING * * *
You closely miss Pikel.
Pikel is heavily wounded.
You hit Pikel.
Pikel is heavily wounded.
Pikel hits you with a +0 whip of freezing!
You die...

.#.## ....# #####.#..
#...##########........
##.........##..###...#
##.#######......###..#
#..# ##...#..##..#
...# #..####.##..##
##### #..#######.###
#.##5..# #≈≈≈≈#
.............#
#@K5J5###≈≈≈≈≈≈
#######...##.#
#####5...≈≈....
........### ...
#>..5≈≈..... ........#
##.# #...≈....≈≈.
..#.#...#
)..)...≈..≈≈..≈
.#.#.#..#
.........≈≈....≈
#.#.#.#.#
...h#.......⌠≈≈.
.#.>.#...
....#......≈≈⌠..
#.#.#.#.#
....##....≈....≈


You could see Pikel, 4 lemures and an endoplasm.

Vanquished Creatures
  A howler monkey (D:4)
  3 adders (D:2)
  3 worms
  2 dart slugs
  8 endoplasms
  8 giant cockroaches
  7 goblins
  12 hobgoblins
  7 jackals
  5 kobolds
  9 quokkas
  3 ball pythons
  6 bats
  4 frilled lizards
  5 rats
83 creatures vanquished.

Notes
Turn   | Place    | Note
-------+----------+-------------------------------------------
     0 | Abyss:1  | moldycheese5 the Demonspawn Abyssal Knight began the quest
                  | for the Orb.
     0 | Abyss:1  | Reached XP level 1. HP: 18/18 MP: 2/2
     0 | D:1      | Escaped the Abyss
   118 | D:1      | Gained mutation: You are partially covered in razor-sharp
                  | scales. (AC +1, Slay +1) [demonic ancestry]
   118 | D:1      | Reached XP level 2. HP: 4/24 MP: 3/3
  1129 | D:1      | Reached XP level 3. HP: 22/30 MP: 4/4
  1483 | D:1      | Found a faded altar of an unknown god.
  1733 | D:2      | Reached skill level 1 in Dodging
  2005 | D:2      | Gained mutation: You regenerate magic rapidly. [demonic
                  | ancestry]
  2005 | D:2      | Reached XP level 4. HP: 37/37 MP: 5/5
  2472 | D:2      | Reached *** piety under Lugonu
  2950 | D:3      | Found a hazy altar of Hepliaklqana.
  3351 | D:3      | Reached skill level 1 in Stealth
  3746 | D:3      | Found an ornate altar of the Wu Jian Council.
  3872 | D:4      | Found a shadowy altar of Dithmenos.
  3889 | D:4      | Reached skill level 4 in Fighting
  3889 | D:4      | Gained mutation: You sometimes gain a little power by
                  | taking damage. [demonic ancestry]
  3889 | D:4      | Reached XP level 5. HP: 38/42 MP: 6/6
  4018 | D:4      | Found a staircase to the Ecumenical Temple.
  4130 | D:4      | Noticed a lemure
  4131 | D:4      | Noticed a lemure
  4131 | D:4      | Noticed a lemure
  4131 | D:4      | Noticed Pikel
  4133 | D:4      | Noticed a lemure
  4143 | D:4      | Noticed a black bear
  4169 | D:4      | HP: 3/63 [Pikel/+0 whip of freezing (1)]
  4171 | D:4      | Slain by Pikel

Illustrated notes

Levels and vault maps discovered:
D:1:      dpeg_arrival_three_bigger_balls, layout_loops_ring,
          shapermc_ecumenical_altar_hornbeckon, minmay_worlds_worst_comb
D:2:      kennysheep_six_static_rooms, layout_loops_corners,
          minmay_indecisive_spiral
D:3:      layout_loops_ring, nzn_wu_jian_council_hall, amcnicky_altar_gilded,
          minmay_misc_feat_room, serial_bayou_lagoon_a, minmay_misc_feat_cross,
          minmay_joined_circles
D:4:      cheibrodos_helix_gallery, layout_rooms,
          nicolae_dithmenos_shadow_blocks, minmay_temple_entry_grid,
          palyth_stone_intersect, hangedman_abyss_or_decor_jellyfish_corner,
          uniq_pikel

Skill      XL: |  1  2  3  4 |
---------------+-------------+-----
Polearms       | 2 3 |  3.4
Armour         | 2 |  2.4
Dodging        | 1 |  1.3
Stealth        | 1 |  1.2
Fighting       | 4 |  4.0
Invocations    | |  2.6

Action                   |  1- 3 |  4- 6 || total
-------------------------+-------+-------++-------
Melee: Spear             |   163 |   180 ||   343
       Punch             |       |     2 ||     2
Invok: Depart the Abyss  |     1 |       ||     1
  Use: Potion            |       |     1 ||     1
 Stab: Sleeping          |     1 |     2 ||     3
Armor: Leather armour    |    34 |    34 ||    68
       Plate armour      |       |    70 ||    70
Dodge: Dodged            |    66 |    67 ||   133

Table legend: (Time is in decaauts)
 A = Elapsed time spent in this place.
 B = Non-inter-level travel time spent in this place.
 C = Inter-level travel time spent in this place.
 D = Time resting spent in this place.
 E = Time spent auto-exploring this place.
 F = Levels seen in this place.
 G = Mean time per level.
                   A        B        C        D        E       F      G
               +--------+--------+--------+--------+--------+-----+--------+
         Total |   4168 |   3982 |    186 |    359 |   3008 |   5 |  833.6 |
       Dungeon |   4168 |   3982 |    186 |    359 |   3008 |   4 | 1042.0 |
         Abyss |      0 |      0 |      0 |      0 |      0 |   1 |    0.0 |
               +--------+--------+--------+--------+--------+-----+--------+

Top non-repeatable levels by time:
     D:1: 1584 daAuts
     D:2: 1335 daAuts
     D:3: 948 daAuts
     D:4: 300 daAuts
